 Dungeon Crawl Stone Soup version 0.31.0-4-g52a2dc7128 (webtiles) character file.

Game seed: 1225969326969550402

217 Daunt the Magician (level 5, -2/35 HPs)
             Began as a Merfolk Earth Elementalist on Jan 21, 2024.
             Slain by an orc
             ... wielding a +0 trident of venom
              (4 damage)
             ... on level 4 of the Dungeon on Jan 22, 2024.
             The game lasted 00:10:26 (2201 turns).

Daunt the Magician (Merfolk Earth Elementalist)     Turns: 2201, Time: 00:10:27

Health: -2/35      AC:  9    Str: 14    XL:     5   Next: 94%
Magic:  11/14      EV: 13    Int: 15    God:
Gold:   201        SH:  0    Dex: 19    Spells: 14/15 levels left

rFire   + + .        m - +0 flail
rCold   + . .        (no shield)
rNeg    . . .        a - +0 robe
rPois   +            w - +0 helmet
rElec   +            (no cloak)
rCorr   +            (no gloves)
SInv    +            (no boots)
Will    .....        (no amulet)
Stlth   ++           q - ring "Qorhux" {*Slow rF+ AC+4 Dex+3 SInv}
HPRegen 0.25/turn    h - +6 ring of strength
MPRegen 0.14/turn

%: slow self (1%), clarity
@: resistant
A: (nimble swimmer 2), mertail, iridescent scales 1, clarity, high MP 1
a: no special abilities


You were on level 4 of the Dungeon.
You visited 1 branch of the dungeon, and saw 4 of its levels.

You collected 201 gold pieces.

Inventory:

Hand Weapons
 g - a +0 club
 i - a +0 dagger
 m - a +0 flail (weapon)
 v - a +0 trident
Missiles
 c - 29 stones
 s - 2 javelins
 x - 2 boomerangs
Armour
 a - a +0 robe (worn)
 n - a +0 leather armour
 u - a +0 ring mail
 w - a +0 helmet (worn)
Magical Staves
 r - a staff of cold
Jewellery
 f - a ring of see invisible
 h - a +6 ring of strength (right hand)
 q - the ring "Qorhux" (left hand) {*Slow rF+ AC+4 Dex+3 SInv}
   (You found it on level 2 of the Dungeon)

   [ring of protection]

   AC+4:      It affects your AC (+4).
   Dex+3:     It affects your dexterity (+3).
   rF+:       It protects you from fire.
   SInv:      It lets you see invisible.
   *Slow:     It may slow you when you take damage.
 y - the amulet "Kausiples" {Acrobat Dex+6}
   (You found it on level 3 of the Dungeon)

   [amulet of the acrobat]

   Acrobat:   It increases your evasion while moving and waiting.
   Dex+6:     It affects your dexterity (+6).
Scrolls
 d - a scroll of teleportation {unknown}
 j - 2 scrolls of poison {unknown}
 l - a scroll of noise {unknown}
 o - 2 scrolls of silence {unknown}
 z - a scroll of butterflies {unknown}
 B - a scroll of fog {unknown}
Potions
 b - a potion of magic
 A - a potion of mutation


   Skills:
 - Level 2.6 Dodging
 - Level 2.1 Stealth
 + Level 5.5 Spellcasting
 - Level 0.7 Conjurations
 - Level 2.4 Earth Magic


You had 14 spell levels left.
You knew the following spells:

 Your Spells              Type           Power      Damage    Failure   Level
a - Sandblast             Erth           22%        2d7       6%          1

Your spell library contained the following spells:

 Spells                   Type           Power      Damage    Failure   Level
 Passwall                 Erth           11%        N/A       17%         3
 Stone Arrow              Conj/Erth      16%        3d8       24%         3
 Brom's Barrelling Bould  Conj/Erth      8%         2d3       63%         4
 Petrify                  Alch/Erth      7%         N/A       67%         4


Dungeon Overview and Level Annotations

Branches:
Dungeon (4/15)
 Temple: D:4-7

Altars:

Annotations:
D:2 exclusion: ball python, Sigmund
D:3 1 runed translucent door, Rem's ghost, amateur OpCj


Innate Abilities, Weirdness & Mutations

((You are very nimble when in or above water. (Stealth+, EV+, Speed+++)))
Your lower body shifts to a powerful aquatic tail in water.
You are partially covered in iridescent scales. (AC +2)
You possess an exceptional clarity of mind.
You have an increased reservoir of magic. (+10% MP)


Message History

You feel less invigorated.
You feel less confused.
You feel sick.
You are no longer poisoned.
The orc priest miscasts a cantrip.
The orc closely misses you.
Unknown command.
The blast of sand hits the orc priest.
The orc priest is almost dead.
The orc priest closely misses you. The orc closely misses you.
The orc priest calls down the wrath of Beogh upon you.
Beogh smites you!
Unknown command.
Unknown command.
The blast of sand hits the orc priest but does no damage.
The orc priest is almost dead.
The orc hits you but does no damage.
The orc priest hits you with a +2 flail of protection.
The orc closely misses you.
Unknown command.
The blast of sand misses the orc priest.
The orc priest mumbles some strange prayers to Beogh against you.
Beogh smites you!
* * * LOW HITPOINT WARNING * * *
The orc hits you but does no damage. The orc priest closely misses you.
Unknown command.
Unknown command.
Casting: Sandblast (safe; 6% risk of failure)
Confirm with . or Enter, or press ? or * to list all spells.
Aiming: Sandblast (safe; 6% risk of failure)
Press: ? - help, Shift-Dir - straight line, f/p - orc priest
Aim: an orc priest, wielding a +2 flail of protection (almost dead, 82% to hit)
The blast of sand hits the orc priest but does no damage.
The orc priest is almost dead.
The orc closely misses you.
The orc priest invokes the aid of Beogh against you.
Pain shoots through your body!
* * * LOW HITPOINT WARNING * * *
The orc hits you from afar with a +0 trident of venom.
You die...

#... . #...#.
..... ...#
#..####...
#.........
#o########
########o#.......
.........@.......
########.#.######
........)......
...##.#..######
####.....###
............#
.......#.##.#
.......#†# ..#
.......#.# .#


You could see an orc priest and an orc.

Vanquished Creatures
  A scorpion (D:4)
  An orc wizard (D:4)
  Terence (D:2)
  A gnoll (D:1)
  4 adders
  A dart slug (D:2)
  A ribbon worm (D:3)
  6 orcs
  3 bats
  4 endoplasms
  2 giant cockroaches
  3 goblins (D:2)
  10 hobgoblins
  3 kobolds
  2 quokkas (D:1)
  5 ball pythons
  3 frilled lizards (D:3)
  A rat (D:1)
52 creatures vanquished.

Notes
Turn   | Place    | Note
-------+----------+-------------------------------------------
     0 | D:1      | Daunt the Merfolk Earth Elementalist began the quest for
                  | the Orb.
     0 | D:1      | Reached XP level 1. HP: 13/13 MP: 3/3
   275 | D:1      | Reached XP level 2. HP: 19/19 MP: 1/5
   509 | D:1      | Reached skill level 3 in Spellcasting
   633 | D:1      | Reached XP level 3. HP: 24/24 MP: 5/7
   792 | D:2      | Noticed Sigmund
   906 | D:2      | Identified the ring "Qorhux" {*Slow rF+ AC+4 Dex+3 SInv}
  1280 | D:2      | Noticed Terence
  1330 | D:2      | Killed Terence
  1331 | D:2      | Reached skill level 4 in Spellcasting
  1331 | D:2      | Reached XP level 4. HP: 15/30 MP: 2/10
  1732 | D:3      | Identified the amulet "Kausiples" {Acrobat Dex+6}
  1859 | D:3      | Found a runed translucent door.
  1859 | D:3      | Noticed Rem's ghost (amateur OpCj)
  2063 | D:4      | Reached XP level 5. HP: 35/35 MP: 8/11
  2174 | D:4      | Reached skill level 5 in Spellcasting
  2175 | D:4      | Gained mutation: You are partially covered in iridescent
                  | scales. (AC +2) [potion of mutation]
  2175 | D:4      | Gained mutation: You have an increased reservoir of magic.
                  | (+10% MP) [potion of mutation]
  2175 | D:4      | Gained mutation: You possess an exceptional clarity of
                  | mind. [potion of mutation]
  2201 | D:4      | Slain by an orc

Illustrated notes

Levels and vault maps discovered:
D:1:      evilmike_arrival_rings, layout_basic
D:2:      layout_loops_ring, uniq_terence, uniq_sigmund
D:3:      layout_rooms, hellmonk_ghost_happy_afterlife
D:4:      layout_basic, feat_on_display

Skill      XL: |  1  2  3  4  5 |
---------------+----------------+-----
Spellcasting   | 3 4 5 |  5.5
Dodging        | |  2.6
Stealth        | |  2.1
Conjurations   | |  0.7
Earth Magic    | |  2.4

Action                     |  1- 3 |  4- 6 || total
---------------------------+-------+-------++-------
  Melee: Unarmed           |     3 |       ||     3
         Club              |     1 |       ||     1
         Flail             |       |    10 ||    10
   Cast: Sandblast         |    46 |    56 ||   102
    Use: Potion            |       |     7 ||     7
 Armour: Robe              |    12 |    37 ||    49
  Dodge: Dodged            |    11 |    56 ||    67
